 Dungeon Crawl Stone Soup version 0.20-a0-1117-g62da73f (webtiles) character file.

123 JNO the Cutter (level 5, -5/35 HPs)
             Began as a Halfling Fighter on May 9, 2017.
             Killed by divine providence
             ... invoked by an orc priest
              (12 damage)
             ... on level 3 of the Dungeon.
             The game lasted 00:09:18 (3122 turns).

JNO the Cutter (Halfling Fighter)                   Turns: 3122, Time: 00:09:19

Health: -5/35      AC:  6    Str: 17    XL:     5   Next: 28%
Magic:  5/5        EV:  8    Int:  6    God:
Gold:   135        SH:  9    Dex: 15    Spells: 4/4 levels left

rFire    . . .     SeeInvis .   d - +1 dagger (holy)
rCold    . . .     Gourm    .   c - +0 shield
rNeg     . . .     Faith    .   b - +0 scale mail
rPois    .         Spirit   .   (no helmet)
rElec    .         Reflect  .   (no cloak)
rCorr    .         Harm     .   (no gloves)
MR       .....                  (no boots)
Stlth    ..........             (no amulet)
Regen    0.2/turn               (no ring)
MPRegen  0.1/turn               (no ring)

@: no status effects
A: mutation resistance 1
a: no special abilities


You were on level 3 of the Dungeon.
You were not hungry.

You visited 1 branch of the dungeon, and saw 3 of its levels.

You collected 135 gold pieces.

Inventory:

Hand Weapons
 a - a +0 rapier
 d - a +1 dagger of holy wrath (weapon)
 w - a +0 blowgun
Missiles
 m - 18 bolts
 q - 101 stones (quivered)
 s - 30 arrows
 x - 15 poisoned needles
Armour
 b - a +0 scale mail (worn)
 c - a +0 shield (worn)
Scrolls
 e - a scroll of fear {unknown}
 g - a scroll of immolation {unknown}
 j - 7 scrolls of identify {unknown}
 k - a scroll of random uselessness {unknown}
 l - 4 scrolls of fog {unknown}
 n - 4 scrolls of teleportation {unknown}
 p - 2 scrolls of enchant weapon {unknown}
 r - a scroll of remove curse {unknown}
Potions
 h - a potion of curing {unknown}
 i - 2 potions of flight {unknown}
 o - a potion of mutation {unknown}
Comestibles
 f - 3 bread rations
 t - 2 meat rations


   Skills:
 - Level 2.6 Fighting
 + Level 6.1 Short Blades
 - Level 3.2 Armour
 - Level 3.2 Shields


You had 4 spell levels left.
You didn't know any spells.

Dungeon Overview and Level Annotations

Branches:
Dungeon (3/15)

Altars:
Nemelex Xobeh

Annotations:
D:3 1 runed door


Innate Abilities, Weirdness & Mutations

You are small and have problems with some larger weapons.
You are somewhat resistant to further mutation.


Message History

You feel very mighty all of a sudden. The orc hits you but does no damage.
You block the leopard gecko's attack.
You puncture the orc!
You kill the orc!
You block the leopard gecko's attack.
You hit the leopard gecko.
You kill the leopard gecko!
You start resting.
You feel a little less mighty now.
You start resting.
An orc priest comes into view. It is wielding a falchion.
An orc priest comes into view.
The orc priest shouts! x2
The orc priest invokes the aid of Beogh against you.
Beogh smites you!
* * * LOW HITPOINT WARNING * * *
The orc priest moves out of view.
The orc priest calls down the wrath of Beogh upon you.
Beogh smites you!
You die...

##.#.# ###........#
##.# .............#
##.# .............#
##.# ......o......#
##.#
......o......#########
.....###.#...........#
..... #...........#.#
..... ###.#######.#.#
#@# #.#.# #)# #.#.#
#....†)# #.#.#
#.###### #.#.# #.#.#
#.#.# #.#.# #.#.#
#.#)#


You could see an orc priest.

Vanquished Creatures
  4 adders
  2 worms (D:2)
  2 dart slugs
  4 leopard geckos
  7 orcs (D:3)
  10 bats
  A giant cockroach (D:1)
  7 goblins
  4 hobgoblins
  2 jackals (D:3)
  A quokka (D:2)
  3 frilled lizards
  9 kobolds
  8 rats
64 creatures vanquished.

Notes
Turn   | Place    | Note
-------+----------+-------------------------------------------
     0 | D:1      | JNO the Halfling Fighter began the quest for the Orb.
     0 | D:1      | Reached XP level 1. HP: 15/15 MP: 1/1
   121 | D:1      | Reached skill level 3 in Short Blades
   127 | D:1      | Reached XP level 2. HP: 12/20 MP: 2/2
   326 | D:1      | Found a sparkling altar of Nemelex Xobeh.
   821 | D:1      | Reached skill level 4 in Short Blades
   821 | D:1      | Reached XP level 3. HP: 20/25 MP: 3/3
  1181 | D:2      | Reached XP level 4. HP: 27/30 MP: 4/4
  1699 | D:2      | Reached skill level 5 in Short Blades
  2685 | D:3      | Reached XP level 5. HP: 35/35 MP: 5/5
  2892 | D:3      | Reached skill level 6 in Short Blades
  2953 | D:3      | Found a runed door.
  3122 | D:3      | Killed from afar by an orc priest

Vault maps used:
D:1:      lightli_arrival_quake, minmay_misc_feat_four_crosses,
          grunt_decor_resistance, hangedman_abyss_or_decor_lesser_grid,
          minivault_27, nemelex_diamond_rough_becter
D:2:      mumra_celtic_spiral_tile
D:3:      uniq_crazy_yiuf_cottage

Skill      XL: |  1  2  3  4  5 |
---------------+----------------+-----
Short Blades   | 3 4 5 6 |  6.1
Fighting       | |  2.6
Armour         | |  3.2
Shields        | |  3.2

Action                   |  1- 3 |  4- 6 || total
-------------------------+-------+-------++-------
Melee: Rapier            |    78 |   105 ||   183
       Dagger            |       |    54 ||    54
  Use: Potion            |       |     2 ||     2
  Eat: Chunk             |     1 |     6 ||     7
Armor: Scale mail        |    31 |    50 ||    81
Dodge: Dodged            |    28 |    50 ||    78
Block: Shield            |    49 |    75 ||   124
